 Dungeon Crawl Stone Soup version 0.20.1-1-g8b1a95d (webtiles) character file.

136 mopl the Covered (level 5, 12/42 HPs)
             Began as a Formicid Wanderer on Sept 10, 2017.
             Quit the game on level 4 of the Dungeon.
             The game lasted 00:03:07 (1555 turns).

mopl the Covered (Formicid Wanderer)                Turns: 1555, Time: 00:03:08

Health: 12/42      AC:  9    Str: 14    XL:     5   Next: 43%
Magic:  5/5        EV:  6    Int: 15    God:
Gold:   95         SH:  0    Dex: 10    Spells: 4/4 levels left

rFire    . . .     SeeInvis +   c - +1 short sword (venom)
rCold    . . .     Gourm    .   (no shield)
rNeg     . . .     Faith    .   h - +0 chain mail
rPois    .         Spirit   .   (helmet unavailable)
rElec    .         Reflect  .   (no cloak)
rCorr    .         Harm     .   (no gloves)
MR       .....                  (no boots)
Stlth    ..........             (no amulet)
Regen    0.2/turn               (no ring)
MPRegen  0.1/turn               (no ring)

@: quite poisoned (12 -> 5)
A: permanent stasis, dig shafts and tunnels, four strong arms, antennae 3
a: Dig, Shaft Self


You were on level 4 of the Dungeon.
You were hungry.

You visited 1 branch of the dungeon, and saw 3 of its levels.

You collected 95 gold pieces.

Inventory:

Hand Weapons
 b - a +2 blowgun
 c - a +1 short sword of venom (weapon)
Missiles
 a - 2 curare-tipped needles
Armour
 h - a +0 chain mail (worn)
Scrolls
 e - a scroll of identify {unknown}
 i - a scroll of remove curse {unknown}
Potions
 j - a potion of flight {unknown}
Comestibles
 d - 2 chunks of flesh
 f - a bread ration
 g - 2 meat rations


   Skills:
 + Level 3.7 Fighting
   Level 1.0 Axes
 + Level 2.8 Throwing
 + Level 5.3 Armour
 - Level 1.2 Stealth
 - Level 1.0 Unarmed Combat


You had 4 spell levels left.
You didn't know any spells.

Dungeon Overview and Level Annotations

Branches:
Dungeon (2/15)

Altars:
Ru
Vehumet


Innate Abilities, Weirdness & Mutations

You cannot be hasted, slowed, berserked, paralysed or teleported.
You can dig through walls and to a lower floor.
Your four strong arms can wield two-handed weapons with a shield.
You have a pair of large antennae on your head. (SInv)


Message History

You hit the scorpion but do no damage.
The scorpion looks as sick as possible!
The scorpion is severely wounded.
You feel sick.
You kill the scorpion!
You have reached level 5!
The howler monkey barely misses you. The orc wizard barely misses you.
The orc barely misses you. The orc hits you with a mace.
A worm comes into view.
The orc wizard gestures wildly while chanting.
The orc wizard blinks!
An orc opens the door.
The howler monkey hits you.
A frilled lizard comes into view.
You feel sick.
The frilled lizard hisses angrily.
The orc wizard mumbles some strange words.
The orc wizard blinks!
The orc hits you but does no damage. The dart slug launches a dart at you.
The slug dart hits you!
There is an open door here.
Okay, then.
Are you sure you want to abandon this character and quit the game? (Confirm with "yes".)

........#....
#.......(#l..#
#.......w#...# .
#.....w..#...##..
#........#.......
#........#.......
#.ยง......#.......
#......oh@.......
#.......o#.......
#/o.....o#.......
#........#.......
#........#...####
#........#...#
#........#####
#........#
#........#


You could see a worm, a howler monkey, an orc wizard, a dart slug, 3 orcs and a
frilled lizard.

Vanquished Creatures
  A scorpion (D:4)
  An orc wizard (D:2)
  An adder (D:2)
  A dart slug (D:1)
  2 leopard geckos (D:1)
  A ball python (D:1)
  6 bats
  3 giant cockroaches (D:1)
  3 goblins (D:1)
  3 hobgoblins
  6 jackals
  2 frilled lizards
  9 kobolds
  2 rats (D:1)
41 creatures vanquished.

Notes
Turn   | Place    | Note
-------+----------+-------------------------------------------
     0 | D:1      | mopl the Formicid Wanderer began the quest for the Orb.
     0 | D:1      | mopl set off with: 2 curare-tipped needles, a +2 blowgun, a potion of lignification {!q}, a potion of curing, a +0 robe, a bread ration
     0 | D:1      | Reached XP level 1. HP: 16/16 MP: 1/1
    85 | D:1      | Reached XP level 2. HP: 5/23 MP: 2/2
   648 | D:1      | Reached XP level 3. HP: 12/28 MP: 3/3
   974 | D:1      | Reached skill level 2 in Throwing
  1448 | D:2      | Found a radiant altar of Vehumet.
  1476 | D:2      | Reached skill level 3 in Fighting
  1476 | D:2      | Reached XP level 4. HP: 29/35 MP: 4/4
  1515 | D:2      | Found a sacrificial altar of Ru.
  1527 | D:2      | Reached skill level 5 in Armour
  1546 | D:2      | You fall through a shaft for 2 floors!
  1552 | D:4      | Reached XP level 5. HP: 21/42 MP: 5/5
  1555 | D:4      | Quit the game

Skill      XL: |  1  2  3  4 |
---------------+-------------+-----
Throwing       | 2 |  2.8
Fighting       | 3 |  3.7
Armour         | 5 |  5.3
Axes           | |  1.0
Stealth        | |  1.2
Unarmed Combat | |  1.0

Action                   |  1- 3 |  4- 6 || total
-------------------------+-------+-------++-------
Melee: Dagger            |   140 |       ||   140
       Short sword       |    56 |    19 ||    75
 Abil: Dig               |     1 |     1 ||     2
       Shaft Self        |       |     1 ||     1
  Use: Potion            |     2 |       ||     2
 Stab: Paralysed         |       |     1 ||     1
  Eat: Chunk             |     2 |       ||     2
Armor: Chain mail        |   164 |    17 ||   181
       Skin              |    29 |       ||    29
Dodge: Dodged            |    78 |    10 ||    88
